 Dungeon Crawl Stone Soup version 0.26.1-11-gd32895ea62 (webtiles) character file.

Game seed: 5646093355420088041

36 jlumianski the Grasshopper (level 3, -5/31 HPs)
             Began as a Gnoll Warper on Apr 19, 2021.
             Killed by nerve-wracking pain
             ... invoked by an orc priest
              (10 damage)
             ... on level 3 of the Dungeon.
             The game lasted 00:05:43 (1376 turns).

jlumianski the Grasshopper (Gnoll Warper)           Turns: 1376, Time: 00:05:44

Health: -5/31      AC:  4    Str: 13    XL:     3   Next: 37%
Magic:  9/9        EV: 14    Int: 16    God:
Gold:   69         SH:  0    Dex: 14    Spells: 10/12 levels left

rFire    . . .     SeeInvis .   k - +2 dagger (pain)
rCold    . . .     Faith    .   (no shield)
rNeg     . . .     Spirit   .   b - +0 leather armour
rPois    .         Reflect  .   (no helmet)
rElec    .         Harm     .   (no cloak)
rCorr    .         Rampage  .   (no gloves)
Will     .....                  c - +0 pair of boots
Stlth    +.........             (no amulet)
HPRegen  0.10/turn              (no ring)
MPRegen  0.11/turn              (no ring)

@: no status effects
A: distributed training, fangs 1, strong nose
a: no special abilities


You were on level 3 of the Dungeon.
You visited 1 branch of the dungeon, and saw 3 of its levels.

You collected 69 gold pieces.

Inventory:

Hand Weapons
 a - a +0 hand axe
 k - a +2 dagger of pain (weapon)
Missiles
 e - 5 boomerangs of dispersal
 i - a throwing net
 j - 12 stones
 r - 13 poisoned darts (quivered)
Armour
 b - a +0 leather armour (worn)
 c - a +0 pair of boots (worn)
Scrolls
 d - a scroll of blinking
 h - a scroll of identify {unknown}
 o - a scroll of remove curse {unknown}
 p - a scroll of enchant armour {unknown}
 q - a scroll of random uselessness {unknown}
Potions
 f - 2 potions of curing {unknown}
 g - a potion of might {unknown}
 l - 2 potions of ambrosia {unknown}
 m - 2 potions of mutation {unknown}
 n - a potion of magic {unknown}


   Skills:
 + Level 4.5 Fighting
 + Level 0.7 Short Blades
 + Level 0.7 Long Blades
 + Level 4.5 Axes
 + Level 0.7 Maces & Flails
 + Level 0.7 Polearms
 + Level 0.7 Staves
 + Level 0.7 Slings
 + Level 0.7 Bows
 + Level 0.7 Crossbows
 + Level 2.6 Throwing
 + Level 2.6 Armour
 + Level 4.5 Dodging
 + Level 0.7 Stealth
 + Level 0.7 Shields
 + Level 0.7 Unarmed Combat
 + Level 5.0 Spellcasting
 + Level 0.5 Conjurations
 + Level 0.5 Hexes
 + Level 0.5 Summonings
 + Level 0.5 Necromancy
 + Level 5.4 Translocations
 + Level 0.5 Transmutations
 + Level 0.5 Fire Magic
 + Level 0.5 Ice Magic
 + Level 0.5 Air Magic
 + Level 0.5 Earth Magic
 + Level 0.5 Poison Magic
 + Level 0.9 Invocations
 + Level 0.7 Evocations


You had 10 spell levels left.
You knew the following spells:

 Your Spells              Type           Power        Failure   Level
a - Blink                 Tloc           N/A          3%          2

Your spell library contained the following spells:

 Spells                   Type           Power        Failure   Level
 Gell's Gravitas          Tloc           10%          6%          3
 Lesser Beckoning         Tloc           10%          6%          3
 Teleport Other           Tloc           21%          6%          3
 Passage of Golubria      Tloc           N/A          21%         4


Dungeon Overview and Level Annotations

Branches:
Dungeon (3/15)

Altars:

Annotations:
D:3 Sigmund


Innate Abilities, Weirdness & Mutations

Your experience applies equally to all skills.
You have very sharp teeth.
Your uncanny sense of smell can sniff out nearby items.


Message History

The orc priest mumbles some strange prayers to Beogh against you.
Pain shoots through your body!
The orc throws a boomerang.
The boomerang misses you.
The weapon returns to the orc!
The orc priest looks satisfied for a moment.
The orc throws a boomerang.
The boomerang barely misses you.
The weapon returns to the orc!
The orc priest closely misses you.
Sigmund screams, "You will never...
NEVER!!!"
A rat comes into view.
The orc throws a boomerang.
The boomerang closely misses you.
The weapon returns to the orc!
The orc priest mumbles some strange prayers to Beogh against you.
Beogh smites you!
* * * LOW HITPOINT WARNING * * *
The orc throws a boomerang.
The boomerang closely misses you.
The weapon returns to the orc!
Sigmund breathes a few words.
Sigmund's hands start flickering wildly.
The orc priest invokes the aid of Beogh against you.
Pain shoots through your body!
You die...

### .... ##...$.
.....$.
................
####.......#...>...
..........#.......
###.K...............
#..<..#.....#.....
#.#@##....##...#
#....#..#^##<#.#
##.....og#..#.(.#
#................#...
###.......o...#..#
### #....o.##@r.#.##
#.........J##..
r...##..###.o..? ....
.#.. ......


You could see Sigmund, a jelly, 2 orc priests, 2 orcs, a quokka and a kobold.

Vanquished Creatures
  2 dart slugs (D:1)
  2 leopard geckos (D:1)
  An orc (D:1)
  A ball python (D:1)
  2 goblins (D:1)
  5 hobgoblins (D:1)
  4 bats (D:1)
  9 frilled lizards (D:1)
  2 kobolds (D:1)
  5 rats
33 creatures vanquished.

Vanquished Creatures (others)
  11 plants
11 creatures vanquished.

Grand Total: 44 creatures vanquished

Notes
Turn   | Place    | Note
-------+----------+-------------------------------------------
     0 | D:1      | jlumianski the Gnoll Warper began the quest for the Orb.
     0 | D:1      | Reached XP level 1. HP: 20/20 MP: 6/6
     1 | D:1      | Noticed an electric eel
   112 | D:1      | Reached XP level 2. HP: 26/26 MP: 7/7
   170 | D:1      | Learned a level 2 spell: Blink
   344 | D:1      | Reached XP level 3. HP: 22/31 MP: 9/9
   352 | D:1      | Reached skill level 5 in Spellcasting
   918 | D:3      | Noticed Sigmund
  1376 | D:3      | Killed from afar by an orc priest

Illustrated notes

Levels and vault maps discovered:
D:1:      arrival_aquarium_a, layout_basic, minmay_lizard_king
D:2:      layout_basic, overflow_temple_1_default, overflow_temple_1_default,
          guppyfry_early_lair_pool, uniq_jessica
D:3:      layout_rooms, grunt_gozag_statues, uniq_sigmund

Skill      XL: |  1  2  3 |
---------------+----------+-----
Spellcasting   | 5 |  5.0
Fighting       | |  4.5
Short Blades   | |  0.7
Long Blades    | |  0.7
Axes           | |  4.5
Maces & Flails | |  0.7
Polearms       | |  0.7
Staves         | |  0.7
Slings         | |  0.7
Bows           | |  0.7
Crossbows      | |  0.7
Throwing       | |  2.6
Armour         | |  2.6
Dodging        | |  4.5
Stealth        | |  0.7
Shields        | |  0.7
Unarmed Combat | |  0.7
Conjurations   | |  0.5
Hexes          | |  0.5
Summonings     | |  0.5
Necromancy     | |  0.5
Translocations | |  5.4
Transmutations | |  0.5
Fire Magic     | |  0.5
Ice Magic      | |  0.5
Air Magic      | |  0.5
Earth Magic    | |  0.5
Poison Magic   | |  0.5
Invocations    | |  0.9
Evocations     | |  0.7

Action                   || total
-------------------------++-------
Melee: Hand axe          ||    56
       Bite              ||    11
       Dagger            ||    38
 Cast: Blink             ||     2
 Stab: Sleeping          ||     1
Armor: Leather armour    ||    30
Dodge: Dodged            ||   100
